 Dungeon Crawl Stone Soup version 0.19.5 (webtiles) character file.

486 Iffeee the Shield-Bearer (level 6, -15/78 HPs)
             Began as a Minotaur Fighter on Mar 17, 2017.
             Engulfed by a cloud of flame (16 damage)
             ... on level 4 of the Dungeon.
             The game lasted 00:09:21 (2759 turns).

Iffeee the Shield-Bearer (Minotaur Fighter)         Turns: 2759, Time: 00:09:23

Health: -15/78     AC: 23    Str: 22    XL:     6   Next: 89%
Magic:  5/5        EV:  2    Int: 10    God:
Gold:   143        SH: 11    Dex: 10    Spells: 0 memorised, 5 levels left

rFire  . . .     SeeInvis .     a - +1 long sword
rCold  . . .     Gourm    .     (armour currently unavailable)
rNeg   + + +     Faith    .     c - +1 shield
rPois  +         Spirit   .     (helmet currently unavailable)
rElec  .         Reflect  .     (cloak currently unavailable)
rCorr  .         Harm     .     (gloves currently unavailable)
MR     .....     NoTele   +     (boots currently unavailable)
Stlth  +.........               (no amulet)
                                (no ring)
                                (no ring)

@: brilliant, tree-form
A: (retaliatory headbutt), (horns 0)
a: no special abilities


You were on level 4 of the Dungeon.
You were not hungry.
You were a tree.
You visited 1 branch of the dungeon, and saw 4 of its levels.

You collected 143 gold pieces.

Inventory:

Hand Weapons
 a - a +1 long sword (weapon)
 m - a +2 dagger of draining
Armour
 b - a +0 scale mail (melded)
 c - a +1 shield (worn)
Jewellery
 o - an uncursed ring of wizardry {unknown}
Wands
 q - a wand of acid (4/15)
Scrolls
 h - 2 scrolls of remove curse
 n - 3 scrolls of identify
 p - 2 scrolls of noise {unknown}
 r - a scroll of random uselessness {unknown}
 s - 3 scrolls of magic mapping
Potions
 e - 3 potions of flight
 j - a potion of lignification
 l - a potion of brilliance
Comestibles
 d - a slice of pizza
 f - 4 fruits
 g - a meat ration


   Skills:
 + Level 4.3 Fighting
 * Level 5.0 Long Blades
 * Level 5.6 Armour
 + Level 1.8 Dodging
 * Level 6.1 Shields


You had 5 spell levels left.
You didn't know any spells.

Dungeon Overview and Level Annotations

Branches:
Dungeon (4/15)
 Temple: D:4-7

Altars:
Nemelex Xobeh
The Shining One


Innate Abilities, Weirdness & Mutations

((You reflexively headbutt those who attack you in melee.))
((You have a pair of horns on your head.))


Message History

You feel clever all of a sudden. The adder bites you but does no damage.
The ogre hits you but does no damage.
You are too injured to fight recklessly!
You are too injured to fight recklessly!
You are too injured to fight recklessly!
You slash the ogre!
The ogre is severely wounded.
You block the adder's attack. The adder bites you but does no damage.
The ogre hits you but does no damage.
You slash the ogre!
The ogre is almost dead.
You block the adder's attack. You block the ogre's attack.
You hit the ogre.
The ogre explodes!
The fiery explosion engulfs you!
* * * LOW HITPOINT WARNING * * *
Your Long Blades skill increases to level 5!
Your Shields skill increases to level 6!
You are engulfed in roaring flames.
You die...

+........
#.......#
#$......#
##.......#
###........#
#..........#
#§§#S#...#
+§§♣<.(..#
#§§#.#...#
#........#
............
#####.........
########.. .


You could see an adder (inner flame).

Vanquished Creatures
  Sigmund (D:2)
  An ogre (D:4)
  2 orc priests (D:3)
  Ijyb (D:3)
  A worker ant (D:3)
  3 adders
  3 oozes
  3 worms
  3 dart slugs
  3 leopard geckos
  7 orcs (D:3)
  7 bats
  2 giant cockroaches
  6 goblins
  8 hobgoblins
  6 jackals (D:3)
  A quokka (D:2)
  5 frilled lizards
  7 kobolds
  11 rats
81 creatures vanquished.

Notes
Turn   | Place    | Note
-------+----------+-------------------------------------------
     0 | D:1      | Iffeee the Minotaur Fighter began the quest for the Orb.
     0 | D:1      | Reached XP level 1. HP: 19/19 MP: 0/0
   125 | D:1      | Reached XP level 2. HP: 25/27 MP: 1/1
   270 | D:1      | Reached skill level 4 in Shields
   323 | D:1      | Reached XP level 3. HP: 31/33 MP: 2/2
   683 | D:2      | Found a glowing golden altar of the Shining One.
  1114 | D:2      | Reached XP level 4. HP: 37/40 MP: 3/3
  1153 | D:2      | Noticed Sigmund
  1168 | D:2      | Killed Sigmund
  1168 | D:2      | Reached skill level 5 in Armour
  1168 | D:2      | Reached skill level 1 in Dodging
  1168 | D:2      | Reached skill level 5 in Shields
  1168 | D:2      | Reached XP level 5. HP: 16/46 MP: 4/4
  1756 | D:2      | Found a sparkling altar of Nemelex Xobeh.
  2151 | D:3      | Reached XP level 6. HP: 44/52 MP: 5/5
  2289 | D:3      | Noticed Ijyb
  2295 | D:3      | Killed Ijyb
  2759 | D:4      | HP: 1/78 [ogre/exploding inner flame[the player character] (20)]
  2759 | D:4      | Reached skill level 5 in Long Blades
  2759 | D:4      | Reached skill level 6 in Shields
  2759 | D:4      | Engulfed by a cloud of flame

Skill      XL: |  1  2  3  4  5  6 |
---------------+-------------------+-----
Armour         | 4 5 |  5.6
Shields        | 4 5 6 |  6.1
Fighting       | 4 |  4.3
Long Blades    | 3 4 5 |  5.0
Dodging        | 1 |  1.8

Action                   |  1- 3 |  4- 6 || total
-------------------------+-------+-------++-------
Melee: Long sword        |    77 |   142 ||   219
       Headbutt          |    12 |    16 ||    28
  Use: Scroll            |     1 |     9 ||    10
       Potion            |       |     5 ||     5
  Eat: Bread ration      |     1 |       ||     1
       Fruit             |       |     2 ||     2
Armor: Scale mail        |    40 |    43 ||    83
       Skin              |       |     5 ||     5
Dodge: Dodged            |    18 |    43 ||    61
Block: Shield            |    47 |    99 ||   146
       Rpst.: Long sword |     2 |    14 ||    16
